 Dungeon Crawl Stone Soup version 0.30-a0-12-gd8047c6341 (webtiles) character file.

Game seed: 3661294734316924194

210 night the Grave Robber (level 5, -1/38 HPs)
             Began as a Draconian Necromancer on Aug 23, 2022.
             Slain by a gnoll
             ... wielding a +0 flail
              (5 damage)
             ... on level 4 of the Dungeon.
             The game lasted 00:08:19 (4605 turns).

night the Grave Robber (Draconian Necromancer)      Turns: 4605, Time: 00:08:20

Health: -1/38      AC:  6    Str: 10    XL:     5   Next: 56%
Magic:  0/8        EV: 10    Int: 17    God:
Gold:   278        SH:  9    Dex: 12    Spells: 3/8 levels left

rFire   + . .      SeeInvis +    h - +1 long sword
rCold   . . .      Faith    .    r - +1 kite shield
rNeg    . . .      Spirit   .    (body armour unavailable)
rPois   .          Reflect  .    (helmet restricted)
rElec   .          Harm     .    n - +0 cloak
rCorr   .          Rampage  .    (no gloves)
Will    .....                    (no boots)
Stlth   ++........               (no amulet)
HPRegen 0.12/turn                i - ring of see invisible
MPRegen 0.11/turn                j - ring of protection from fire

@: animating dead, very slightly contaminated
A: AC +5, unfitting armour, cold-blooded
a: no special abilities


You were on level 4 of the Dungeon.
You visited 1 branch of the dungeon, and saw 4 of its levels.

You collected 278 gold pieces.

Inventory:

Hand Weapons
 f - a +0 quarterstaff
 h - a +1 long sword (weapon)
Missiles
 b - 51 stones
 m - 6 atropa-tipped darts
 s - 9 poisoned darts
Armour
 n - a +0 cloak (worn)
 r - a +1 kite shield (worn)
Jewellery
 i - a ring of see invisible (left hand)
 j - a ring of protection from fire (right hand)
Wands
 u - a wand of flame (10)
Scrolls
 c - a scroll of butterflies
 d - 2 scrolls of magic mapping
 k - a scroll of immolation
 l - a scroll of enchant weapon
 t - 2 scrolls of identify
Potions
 a - a potion of magic
 e - 2 potions of cancellation {unknown}
 g - a potion of mutation {unknown}
 o - 3 potions of curing {unknown}
 p - 2 potions of berserk rage {unknown}
 q - a potion of heal wounds {unknown}
 v - a potion of attraction {unknown}


   Skills:
 - Level 1.7 Dodging
 - Level 1.7 Stealth
 + Level 2.9 Shields
 - Level 2.3 Spellcasting
 + Level 5.9 Necromancy


You had 3 spell levels left.
You knew the following spells:

 Your Spells              Type           Power      Damage    Failure   Level
a - Necrotise             Necr           88%        1d8       4%          1
b - Animate Dead          Necr           22%        N/A       45%         4

Your spell library contained the following spells:

 Spells                   Type           Power      Damage    Failure   Level
 Vampiric Draining        Necr           22%        2d7       16%         3
 Agony                    Necr           22%        N/A       80%         5


Dungeon Overview and Level Annotations

Branches:
Dungeon (4/15)
 Temple: D:4-7

Altars:
Okawaru

Annotations:
D:4 1 runed translucent door


Innate Abilities, Weirdness & Mutations

Your plain brown scales are hard. (AC +5)
You cannot fit into any form of body armour.
You are cold-blooded and may be slowed by cold attacks.


Message History

g - Guard the area. f - Follow me.
Anything else - Cancel.
Gang up on whom?
Press: ? - help, Dir - move target, f - gnoll
Aim: a gnoll, wielding a +0 halberd (ally target) Attack!
Your hobgoblin skeleton hits the gnoll but does no damage.
The gnoll hits your hobgoblin skeleton with a +0 halberd!
Your hobgoblin skeleton is destroyed!
The gnoll hits your hobgoblin zombie with a +0 flail!
Your hobgoblin zombie is destroyed!
The gnoll hits you from afar with a +0 spear.
You slash the gnoll!
The gnoll is heavily wounded.
The gnoll hits you with a +0 spear.
The gnoll hits you from afar with a +0 halberd.
You block the gnoll's attack.
You hit the gnoll.
The gnoll is severely wounded.
The gnoll barely misses you. The gnoll hits you with a +0 spear.
You block the gnoll's attack.
Casting: Necrotise (safe; 4% risk of failure)
Confirm with . or Enter, or press ? or * to list all spells.
You miscast Animate Dead.
You are very lightly contaminated with residual magic.
Nothing appears to happen.
The gnoll barely misses you. The gnoll hits you with a +0 spear!
Casting: Animate Dead (extremely dangerous; 45% risk of failure)
Confirm with . or Enter, or press ? or * to list all spells.
You call upon the dead to rise.
You block the gnoll's attack. The gnoll barely misses you. x2
Unknown command.
You closely miss the gnoll.
The gnoll is severely wounded.
You block the gnoll's attack. The gnoll hits you with a +0 spear.
* * * LOW HITPOINT WARNING * * *
The gnoll hits you with a +0 flail!
* * * LOW HITPOINT WARNING * * *
You block the gnoll's attack. The gnoll hits you with a +0 flail.
You die...

##..... .<....#
#..... ##......#
#..... #......#
##..... #......#
#...... #.....#
##..... #####g...#
###... ###...#....#
##..# ......g@g.#
#...# ####......#
##>.## ##....##
##### #..Z##
#....####...###..###
#...###.....##......
#...........##..#...
#........####...#...
#.......#####..###..
#......)........#
##.


You could see 3 gnolls.

Vanquished Creatures
  An orc priest (D:4)
  2 iguanas (D:4)
  2 adders
  2 worms (D:3)
  4 dart slugs
  8 orcs
  2 endoplasms
  4 goblins
  2 hobgoblins (D:4)
  3 jackals (D:3)
  A quokka (D:1)
  6 ball pythons
  5 bats
  2 frilled lizards
  9 kobolds
  4 rats
57 creatures vanquished.

Vanquished Creatures (collateral kills)
  An orc wizard (D:4)
  2 orcs (D:4)
  2 goblins
5 creatures vanquished.

Vanquished Creatures (others)
  A hobgoblin zombie (D:4)
  An orc zombie (D:4)
2 creatures vanquished.

Grand Total: 64 creatures vanquished

Notes
Turn   | Place    | Note
-------+----------+-------------------------------------------
     0 | D:1      | night the Draconian Necromancer began the quest for the
                  | Orb.
     0 | D:1      | Reached XP level 1. HP: 14/14 MP: 3/3
   642 | D:1      | Reached XP level 2. HP: 16/20 MP: 3/5
  1134 | D:1      | Found a faded altar of an unknown god.
  1628 | D:2      | Reached XP level 3. HP: 26/26 MP: 2/6
  2136 | D:3      | Reached skill level 5 in Necromancy
  2637 | D:3      | Reached skill level 1 in Shields
  2899 | D:3      | Found an iron altar of Okawaru.
  2959 | D:3      | Reached XP level 4. HP: 21/33 MP: 5/7
  3097 | D:3      | Learned a level 4 spell: Animate Dead
  3769 | D:4      | Reached skill level 2 in Shields
  3776 | D:4      | Reached XP level 5. HP: 9/38 MP: 0/8
  4589 | D:4      | Found a large runed translucent door.
  4605 | D:4      | HP: 4/38 [gnoll/+0 flail (7)]
  4605 | D:4      | Slain by a gnoll

Illustrated notes

Levels and vault maps discovered:
D:1:      amcnicky_arrival_feature_with_door, layout_basic,
          hellmonk_ecumenical_altar_defaced_shrine
D:2:      layout_loops_corners
D:3:      layout_basic, okawaru_ov_weapons_minmay, minmay_quadrilaterals
D:4:      layout_cave_pods, minmay_misc_feat_pillars,
          minmay_hollow_rounded_squares, uniq_duvessa

Skill      XL: |  1  2  3  4 |
---------------+-------------+-----
Necromancy     | 5 |  5.9
Shields        | 1 2 |  2.9
Dodging        | |  1.7
Stealth        | |  1.7
Spellcasting   | |  2.3

Action                   |  1- 3 |  4- 6 || total
-------------------------+-------+-------++-------
Melee: Long sword        |    45 |    37 ||    82
       Tailslap          |     3 |     4 ||     7
 Cast: Necrotise         |    51 |    34 ||    85
       Animate Dead      |       |     2 ||     2
Evoke: Wand              |       |     3 ||     3
  Use: Scroll            |     6 |       ||     6
 Stab: Sleeping          |       |     1 ||     1
Armor: Skin              |    20 |    13 ||    33
Dodge: Dodged            |    40 |    35 ||    75
Block: Kite shield       |    25 |    23 ||    48

Table legend: (Time is in decaauts)
 A = Elapsed time spent in this place.
 B = Non-inter-level travel time spent in this place.
 C = Inter-level travel time spent in this place.
 D = Time resting spent in this place.
 E = Time spent auto-exploring this place.
 F = Levels seen in this place.
 G = Mean time per level.
                   A        B        C        D        E       F      G
               +--------+--------+--------+--------+--------+-----+--------+
         Total |   4644 |   4569 |     75 |    530 |   3398 |   4 | 1161.0 |
       Dungeon |   4644 |   4569 |     75 |    530 |   3398 |   4 | 1161.0 |
               +--------+--------+--------+--------+--------+-----+--------+

Top non-repeatable levels by time:
     D:3: 1613 daAuts
     D:1: 1216 daAuts
     D:4: 908 daAuts
     D:2: 905 daAuts
